 Dungeon Crawl Stone Soup version 0.19-a0-414-g76fec5b (webtiles) character file.

191 Skanax the Grave Robber (level 5, -8/35 HPs)
             Began as a Demonspawn Necromancer on May 31, 2016.
             Killed by nerve-wracking pain
             ... invoked by Skanax's ghost
              (12 damage)
             ... on level 3 of the Dungeon.
             The game lasted 00:24:43 (3613 turns).

Skanax the Grave Robber (Demonspawn Necromancer)    Turns: 3613, Time: 00:24:44

Health: -8/35      AC:  5    Str:  8    XL:     5   Next: 42%
Magic:  0/10       EV: 12    Int: 17    God:
Gold:   74         SH:  0    Dex: 14    Spells: 2 memorised, 9 levels left

rFire  . . .     SeeInvis .     d - -2 dagger (curse)
rCold  . . .     Gourm    .     a - +0 robe
rNeg   . . .     Faith    .     (no shield)
rPois  .         Spirit   +     (no helmet)
rElec  .         Dismiss  .     (no cloak)
rCorr  .         Reflect  .     (no gloves)
SustAt .         Harm     .     p - +2 pair of boots
MR     .....                    (no amulet)
Stlth  ++........               (no ring)
                                (no ring)

@: not resistant to hostile enchantments, unstealthy
A: talons 1, magic shield
a: no special abilities


You were on level 3 of the Dungeon.
You were not hungry.

You visited 1 branch of the dungeon, and saw 3 of its levels.

You collected 74 gold pieces.

Inventory:

Hand Weapons
 d - a cursed -2 dagger (weapon)
 h - a +2 dagger of draining
 k - a cursed +0 hunting sling
 u - a +1 quarterstaff of distortion
Missiles
 f - 79 stones
 s - 19 arrows
 t - 2 javelins (quivered)
Armour
 a - a +0 robe (worn)
 p - a +2 pair of boots (worn)
Jewellery
 l - an uncursed ring of protection from magic {unknown}
Scrolls
 i - 3 scrolls of identify
Potions
 c - a potion of haste {unknown}
 e - 2 potions of flight
 g - a potion of degeneration {unknown}
 o - a potion of mutation {unknown}
 q - a potion of agility {unknown}
 r - a potion of curing {unknown}
Books
 b - a book of Necromancy

   Spells                             Type                      Level
   a - Pain                           Necromancy                   1
   b - Animate Skeleton               Necromancy                   1
   c - Vampiric Draining              Necromancy                   3
   d - Regeneration                   Charms/Necromancy            3
   e - Animate Dead                   Necromancy                   4
   f - Control Undead                 Necromancy                   4
Comestibles
 j - a bread ration
 m - a meat ration


   Skills:
 + Level 0.1 Short Blades
 + Level 2.2 Dodging
 + Level 2.1 Stealth
 + Level 3.8 Spellcasting
 + Level 5.7 Necromancy


You had 9 spell levels left.
You knew the following spells:

 Your Spells              Type           Power        Failure   Level  Hunger
a - Pain                  Necr           ###.         1%          1    None
b - Animate Skeleton      Necr           N/A          1%          1    None


Dungeon Overview and Level Annotations

Branches:
Dungeon (3/15)

Altars:
Ashenzari
Cheibriados
Fedhas
Hepliaklqana
Okawaru
Pakellas
Trog
Xom

Annotations:
D:3 Skanax's ghost, weakling DsNe


Innate Abilities, Weirdness & Mutations

You have sharp toenails.
When hurt, damage is shared between your health and your magic reserves.


Message History

Skanax's ghost is lightly damaged.
Skanax's ghost hits you.
* * * LOW HITPOINT WARNING * * *
You hit Skanax's ghost but do no damage.
Skanax's ghost is lightly damaged.
Skanax's ghost casts a spell at you. Pain shoots through your body!
* * * LOW HITPOINT WARNING * * *
You see here a plate armour.
Skanax's ghost points at you and mumbles some strange words.
You barely resist.
Skanax's ghost gestures at you while chanting.
Pain shoots through your body!
* * * LOW HITPOINT WARNING * * *
Skanax's ghost barely misses you.
Skanax's ghost gestures at you while chanting.
You barely resist. Skanax's ghost casts a spell at you.
Pain shoots through your body!
You die...

..###..# ........
......## ........
.....# ### .....#
#.# ..######.#######
# ..#
#.........###.#
[.####.#####W...@..#
)...##.#############
.%..##....#
.......##.# ....##.#
# ....##.# ###.##.#
# ###.##.##.#
....##....#


You could see Skanax's ghost.

Vanquished Creatures
  An orc wizard (D:3)
  Ijyb (D:2)
  A worker ant (D:2)
  4 adders
  An ooze (D:3)
  A worm (D:2)
  3 dart slugs
  2 giant geckos
  4 orcs (D:3)
  3 giant cockroaches
  11 goblins
  6 hobgoblins
  2 jackals (D:2)
  7 bats
  4 giant newts
  6 kobolds
  11 rats
68 creatures vanquished.

Vanquished Creatures (collateral kills)
  A hobgoblin (D:1)
  A kobold (D:2)
2 creatures vanquished.

Grand Total: 70 creatures vanquished

Notes
Turn   | Place    | Note
--------------------------------------------------------------
     0 | D:1      | Skanax the Demonspawn Necromancer began the quest for the Orb.
     0 | D:1      | Reached XP level 1. HP: 13/13 MP: 3/3
     3 | D:1      | Learned a level 1 spell: Animate Skeleton
   259 | D:1      | Gained mutation: You have sharp toenails. [demonic ancestry]
   259 | D:1      | Reached XP level 2. HP: 1/19 MP: 0/5
   953 | D:1      | Reached skill level 5 in Necromancy
  1158 | D:1      | Gained mutation: When hurt, damage is shared between your health and your magic reserves. [demonic ancestry]
  1158 | D:1      | Reached XP level 3. HP: 20/24 MP: 0/6
  2152 | D:2      | Reached XP level 4. HP: 24/30 MP: 1/8
  2309 | D:2      | Noticed Ijyb
  2331 | D:2      | Killed Ijyb
  2566 | D:2      | Found an iron altar of Okawaru.
  2644 | D:2      | Found a shattered altar of Ashenzari.
  2659 | D:2      | Found a blossoming altar of Fedhas.
  2659 | D:2      | Found a hazy altar of Hepliaklqana.
  2659 | D:2      | Found a snail-covered altar of Cheibriados.
  2660 | D:2      | Found a bloodstained altar of Trog.
  2661 | D:2      | Found an oddly glowing altar of Pakellas.
  2732 | D:2      | Found a shimmering altar of Xom.
  3259 | D:3      | Reached XP level 5. HP: 33/35 MP: 7/10
  3585 | D:3      | Noticed Skanax's ghost (weakling DsNe)
  3613 | D:3      | Killed from afar by Skanax's ghost

Vault maps used:
D:1:      dpeg_arrival_chambers_temple_mockup
D:2:      lemuel_round_altar, minitemple, lemuel_round_altar, uniq_iyjb

Skill      XL: |  1  2  3  4 |
---------------+-------------+-----
Necromancy     | 5 |  5.7
Dodging        | 2 |  2.2
Spellcasting   | 3 |  3.8
Stealth        | 2 |  2.1
Short Blades   | |  0.1

Action                   |  1- 3 |  4- 6 || total
-------------------------+-------+-------++-------
Melee: Unarmed           |    10 |       ||    10
       Dagger            |     5 |    22 ||    27
       Kick              |     1 |     1 ||     2
Throw: Stone             |     1 |       ||     1
 Cast: Pain              |    78 |    61 ||   139
       Animate Skeleton  |    14 |     9 ||    23
  Use: Scroll            |     3 |     3 ||     6
 Stab: Distracted        |       |     1 ||     1
  Eat: Bread ration      |     1 |       ||     1
       Chunk             |       |     4 ||     4
Armor: Robe              |    18 |     7 ||    25
Dodge: Dodged            |    38 |    22 ||    60
